 Dungeon Crawl Stone Soup version 0.28-a0-1182-g381e24db82 (webtiles) character file.

Game seed: 10895861436098153637

82 Astera the Skirmisher (level 4, 0/41 HPs)
             Began as a Hill Orc Fighter on Dec 17, 2021.
             Slain by Natasha (8 damage)
             ... on level 1 of the Dungeon.
             The game lasted 00:04:42 (1315 turns).

Astera the Skirmisher (Hill Orc Fighter)            Turns: 1315, Time: 00:04:42

Health: 0/41       AC:  8    Str: 20    XL:     4   Next: 43%
Magic:  4/4        EV:  9    Int:  8    God:
Gold:   112        SH:  4    Dex: 10    Spells: 3/3 levels left

rFire   . . .      SeeInvis .   a - +0 war axe
rCold   . . .      Faith    .   c - +0 buckler
rNeg    . . .      Spirit   .   b - +0 scale mail
rPois   .          Reflect  .   (no helmet)
rElec   .          Harm     .   (no cloak)
rCorr   .          Rampage  .   g - +0 pair of gloves
Will    .....                   (no boots)
Stlth   ..........              (no amulet)
HPRegen 0.13/turn               (no ring)
MPRegen 0.09/turn               (no ring)

@: no status effects
A: no striking features
a: no special abilities


You were on level 1 of the Dungeon.
You visited 1 branch of the dungeon, and saw 2 of its levels.

You collected 112 gold pieces.

Inventory:

Hand Weapons
 a - a +0 war axe (weapon)
Armour
 b - a +0 scale mail (worn)
 c - a +0 buckler (worn)
 g - a +0 pair of gloves (worn)
Scrolls
 e - a scroll of immolation {unknown}
 h - a scroll of fear {unknown}
 i - a scroll of teleportation {unknown}
 j - a scroll of torment {unknown}
Potions
 d - a potion of might
 f - a potion of attraction {unknown}


   Skills:
 + Level 4.3 Fighting
 + Level 4.1 Axes
 + Level 4.0 Armour
 + Level 0.4 Dodging
 + Level 3.6 Shields


You had 3 spell levels left.
You didn't know any spells.
Your spell library contained the following spells:

 Spells                   Type           Power      Damage    Failure   Level
 Conjure Ball Lightning   Conj/Air       0%         3x3d6     100%        6
 Discord                  Hex            0%         N/A       100%        8
 Disjunction              Tloc           0%         N/A       100%        8


Dungeon Overview and Level Annotations

Branches:
Dungeon (2/15)

Altars:

Annotations:
D:1 Natasha
D:2 Jessica


Message History

Natasha stares at you and mumbles some strange words.
You struggle to resist.
Natasha casts a spell.
Jessica very coldly says, "I hate your company."
Natasha seems less brilliant.
The white imp gestures at you. The puff of frost misses you.
Natasha mumbles some strange words.
Jessica gestures wildly while chanting.
Jessica blinks!
The white imp gestures at you. The puff of frost hits you.
Natasha claws you but does no damage.
The white imp grins evilly.
You block Natasha's attack.
You feel yourself speed up. The white imp gestures at you.
The puff of frost hits you!
* * * LOW HITPOINT WARNING * * *
Jessica mumbles some strange words.
Jessica blinks!
Natasha mumbles some strange words.
You feel troubled. You block Natasha's attack.
Jessica gestures wildly while chanting.
Jessica blinks!
Natasha claws you.
* * * LOW HITPOINT WARNING * * *
There is a stone staircase leading up here.
Natasha howls an incantation.
You feel troubled. Natasha barely misses you.
You climb upwards.
The white imp disappears in a puff of smoke! x2
There is a stone staircase leading down here.
You closely miss Natasha. Natasha claws you.
* * * LOW HITPOINT WARNING * * *
You hit Natasha.
Natasha is moderately wounded.
Natasha claws you!
You die...

#.# ######†#### ###### ##.##
#.........# #....# ###...##
#.#.......###....#######
.......###.#.##.####≈###.........
#.......##........##≈###.###.###.
...........>..#.#.#.≈.##.....# #.
#...)...##......#.).≈....###.###.
##.............h##..≈.######.....
.........)......@.##≈## #....##
##.#............##.#≈# #......
#.#............####≈# #....##
#.#..........### ### ####†#
#.#.........## #.# #.#.#......[#
#.# #.#...#...#.# ##### #.#
##.###...###.# ##.>.## #.##
##...##.###..# ##..<..## #...


You could see Natasha.

Vanquished Creatures
  Natasha (D:2)
  An adder (D:2)
  2 gnolls (D:1)
  A worm (D:2)
  A dart slug (D:1)
  5 ball pythons (D:1)
  2 endoplasms
  2 goblins
  2 hobgoblins
  A kobold (D:2)
  2 quokkas
  2 bats
  A frilled lizard (D:1)
  3 rats (D:1)
26 creatures vanquished.

Notes
Turn   | Place    | Note
-------+----------+-------------------------------------------
     0 | D:1      | Astera the Hill Orc Fighter began the quest for the Orb.
     0 | D:1      | Reached XP level 1. HP: 19/19 MP: 1/1
   114 | D:1      | Reached XP level 2. HP: 3/27 MP: 2/2
   525 | D:1      | Reached XP level 3. HP: 28/33 MP: 3/3
  1123 | D:2      | Noticed Natasha
  1127 | D:2      | Killed Natasha
  1128 | D:2      | Reached XP level 4. HP: 40/40 MP: 4/4
  1284 | D:2      | Noticed Natasha
  1286 | D:2      | Noticed Jessica
  1315 | D:1      | Slain by Natasha

Illustrated notes

Levels and vault maps discovered:
D:1:      dpeg_arrival_lava_temple_mockup, layout_loops_ring, hex_medium,
          chequers_serial_rivers_micro_a
D:2:      layout_loops_cross, grunt_ministairs_8, uniq_terence, uniq_jessica,
          uniq_natasha

Skill      XL: |  1  2  3 |
---------------+----------+-----
Fighting       | 4 |  4.3
Axes           | 3 4 |  4.1
Armour         | 4 |  4.0
Dodging        | |  0.4
Shields        | |  3.6

Action                   |  1- 3 |  4- 6 || total
-------------------------+-------+-------++-------
Melee: War axe           |    83 |    11 ||    94
Armor: Scale mail        |    35 |     7 ||    42
Dodge: Dodged            |    25 |     5 ||    30
Block: Buckler           |    16 |     7 ||    23

Table legend: (Time is in decaauts)
 A = Elapsed time spent in this place.
 B = Non-inter-level travel time spent in this place.
 C = Inter-level travel time spent in this place.
 D = Time resting spent in this place.
 E = Time spent auto-exploring this place.
 F = Levels seen in this place.
 G = Mean time per level.
                   A        B        C        D        E       F      G
               +--------+--------+--------+--------+--------+-----+--------+
         Total |   1354 |   1337 |     17 |    242 |    462 |   2 |  677.0 |
       Dungeon |   1354 |   1337 |     17 |    242 |    462 |   2 |  677.0 |
               +--------+--------+--------+--------+--------+-----+--------+

Top non-repeatable levels by time:
     D:1: 932 daAuts
     D:2: 422 daAuts
